 Dungeon Crawl Stone Soup version 0.27-a0-1184-ge86db4a01e (webtiles) character file.

Game seed: 420117922442006766

6603 robertstho the Cleaver (level 10, -5/96 HPs)
             Began as a Minotaur Berserker on May 18, 2021.
             Was an Elder of Trog.
             Killed from afar by a wretched star (18 damage)
             ... with a lance of force
             ... on level 2 of the Abyss.
             The game lasted 00:14:00 (9559 turns).

robertstho the Cleaver (Minotaur Berserker)         Turns: 9559, Time: 00:14:01

Health: -5/96      AC: 26    Str: 20    XL:     10   Next: 71%
Magic:  7/7        EV:  8    Int:  2    God:    Trog [****..]
Gold:   461        SH:  5    Dex: 14    Spells: 9/9 levels left

rFire    + . .     SeeInvis +   o - +1 war axe of the Endless March {protect, rF+ Will+}
rCold    . . .     Faith    .   (no shield)
rNeg     . . .     Spirit   .   C - +2 plate armour of Daffodils {+Blink rCorr Int-3 Dex+4}
rPois    .         Reflect  +   v - +1 hat
rElec    .         Harm     .   D - scarf {+Inv}
rCorr    +         Rampage  .   (no gloves)
Will     +++..                  e - +0 pair of boots
Stlth    ..........             a - amulet of reflection
HPRegen  1.26/turn              q - ring of see invisible
MPRegen  0.10/turn              (no ring)

@: mighty, strong-willed, under a protective aura, on berserk cooldown,
regenerating, slowed, very slow
A: horns 2, retaliatory headbutt, [low mp 2], [screaming 2], [weak 2]
a: Renounce Religion, Evoke Blink, Evoke Invisibility, Berserk, Trog's Hand,
Brothers in Arms


You were on level 2 of the Abyss.
You worshipped Trog.
Trog was greatly pleased with you.
You visited 1 branch of the dungeon, and saw 9 of its levels.
You visited the Abyss 1 time.
You also visited: Sewer.

You collected 461 gold pieces.

Inventory:

Hand Weapons
 c - a +0 battleaxe
 o - the +1 war axe of the Endless March (weapon) {protect, rF+ Will+}
   (You found it on level 8 of the Dungeon)

   It grants its wielder temporary protection when it strikes (+7 to AC).
   It protects you from fire.
   It increases your willpower.
Missiles
 H - a curare-tipped dart
Armour
 e - a +0 pair of boots (worn)
 v - a +1 hat (worn)
 w - a +0 plate armour of fire resistance
 C - the +2 plate armour of Daffodils (worn) {+Blink rCorr Int-3 Dex+4}
   (You took it off an orc warrior on level 7 of the Dungeon)

   It affects your intelligence (-3).
   It affects your dexterity (+4).
   It lets you blink.
   It protects you from acid and corrosion.
 D - a scarf of invisibility (worn)
Jewellery
 a - an amulet of reflection (around neck)
 d - an amulet of guardian spirit
 q - a ring of see invisible (left hand)
 y - an amulet of regeneration
 G - an amulet of faith
Scrolls
 b - 6 scrolls of magic mapping
 f - 7 scrolls of teleportation
 g - a scroll of immolation
 j - 3 scrolls of holy word
 l - a scroll of fear
 r - 2 scrolls of fog
 s - 4 scrolls of blinking
 x - 2 scrolls of enchant armour
 A - 2 scrolls of identify
 B - a scroll of summoning {unknown}
 E - a scroll of silence {unknown}
 F - a scroll of vulnerability {unknown}
Potions
 h - 3 potions of brilliance {unknown}
 i - 2 potions of curing
 k - 3 potions of heal wounds {unknown}
 m - 3 potions of cancellation {unknown}
 n - 4 potions of might
 p - a potion of haste {unknown}
 t - a potion of magic {unknown}
 u - a potion of ambrosia {unknown}
 z - 2 potions of flight {unknown}


   Skills:
 * Level 11.4 Fighting
 + Level 11.6 Axes
 * Level 10.6 Armour
 + Level 4.9 Dodging
 + Level 2.0 Shields


You had 9 spell levels left.
You didn't know any spells.
Your spell library was empty.

Dungeon Overview and Level Annotations

Branches:
Dungeon (9/15)             Temple (0/1) D:5             Orc (0/2) D:9
  Sewer (visited)
   Lair: D:8-11

Altars:
Uskayaw
Beogh

Shops:
D:4 [   D:8 :


Innate Abilities, Weirdness & Mutations

You have a pair of horns on your head.
You reflexively headbutt those who attack you in melee.
[Your magical capacity is very low. (-20% MP)]
[You frequently scream uncontrollably at your foes.]
[You are very weak. (Str -4)]


Message History

You feel less energetic. x2
Your polar bear twists and deforms.
You closely miss the wretched star. You headbutt the wretched star.
The wretched star is moderately damaged.
Your polar bear misses the wretched star.
Your polar bear claws the wretched star but does no damage. x2
Your polar bear misses the wretched star.
Your polar bear claws the wretched star. x2
Unknown command.
You slash the wretched star!
The wretched star is moderately damaged.
Your polar bear completely misses the wretched star.
Your polar bear barely misses the wretched star.
Your polar bear misses the wretched star.
The wretched star glows turbulently.
The lance of force misses your polar bear.
The lance of force hits you!!
* * * LOW HITPOINT WARNING * * *
You are knocked back by the lance of force.
You slam into the rock wall!
Your polar bear bites the wretched star.
Your polar bear claws the wretched star but does no damage. x2
The wretched star glows turbulently.
The lance of force hits you!
* * * LOW HITPOINT WARNING * * *
You are knocked back by the lance of force.
You slam into the rock wall!
* * * LOW HITPOINT WARNING * * *
The wretched star pulses with an eldritch light!
You feel the urge to shout.
You feel a strong urge to scream.
Your polar bear twists and deforms.
Unknown command.
Unknown command.
You feel better.
Your polar bear bites the wretched star!
Your polar bear claws the wretched star but does no damage.
Your polar bear barely misses the wretched star.
The wretched star glows turbulently.
The lance of force hits you!!
You die...

# # # #. .
#. . ### #
#.#. ##♣≈
.. #.#
#.≈#..#
..###.≈≈..
#....≈≈#
#...≈≈≈# #
#*#≈.≈#...
#@h*......#
##
##≈#..#...#
#. . ##≈≈
##X## ##
##. .. .#
... # #
...... . #
## #.## .
##.... .# .
... # ### .
..( .#....#
# # . #
.... ≈ .


You could see 2 wretched stars and a friendly polar bear (summoned, berserk,
misshapen).

Vanquished Creatures
  A two-headed ogre (D:8)
  The ghost of Cheivey the Wallflower, a novice DDFi of Uskayaw (D:7)
  A large abomination (Abyss:2)
  A kobold demonologist (D:9)
  A hornet (D:9)
  A shadow (D:9)
  Sigmund (D:2)
  3 yaks (D:7)
  Eustachio (D:5)
  A steam dragon (D:7)
  2 water moccasins
  Duvessa (D:6)
  2 ice beasts
  A black bear (D:6)
  4 orc warriors
  A hornet zombie (D:8)
  A necrophage (D:6)
  4 ogres
  2 centaurs
  2 phantoms
  3 kobold brigands
  3 bullfrogs
  A scorpion (D:6)
  Dowan (D:6)
  A wyvern skeleton (D:5)
  6 killer bees (D:8)
  3 wights (D:7)
  A howler monkey (D:7)
  A centaur zombie (D:7)
  3 hounds
  4 orc priests
  A centaur skeleton (D:4)
  A jelly (D:5)
  2 iguanas (D:5)
  An orc wizard (D:7)
  A killer bee zombie (D:5)
  2 howler monkey zombies
  A howler monkey skeleton (D:5)
  10 adders
  7 river rats
  A white imp (D:8)
  An adder zombie (D:5)
  An adder skeleton (D:4)
  A worm (D:4)
  2 dart slugs (D:3)
  29 orcs
  12 ball pythons
  12 endoplasms
  3 giant cockroaches
  4 hobgoblins
  5 jackals
  5 quokkas
  5 bats
  3 frilled lizards
  7 goblins
  14 kobolds
  31 rats
221 creatures vanquished.

Vanquished Creatures (collateral kills)
  A freezing wraith (Abyss:2)
  An orc warrior (D:7)
  A small abomination (Abyss:2)
3 creatures vanquished.

Grand Total: 224 creatures vanquished

Notes
Turn   | Place    | Note
-------+----------+-------------------------------------------
     0 | D:1      | robertstho the Minotaur Berserker began the quest for the
                  | Orb.
     0 | D:1      | Reached XP level 1. HP: 19/19 MP: 0/0
   182 | D:1      | Reached XP level 2. HP: 27/27 MP: 1/1
   897 | D:2      | Noticed Sigmund
   908 | D:2      | Killed Sigmund
   909 | D:2      | Reached skill level 5 in Fighting
   909 | D:2      | Reached XP level 3. HP: 7/37 MP: 0/2
   909 | D:2      | Reached XP level 4. HP: 9/44 MP: 0/3
   909 | D:2      | Reached XP level 5. HP: 10/50 MP: 0/4
  1698 | D:2      | Found a faded altar of an unknown god.
  2032 | D:3      | Reached ** piety under Trog
  2132 | D:3      | Reached skill level 5 in Axes
  2809 | D:4      | Noticed a phantom
  2823 | D:4      | Killed a phantom
  2824 | D:4      | Reached XP level 6. HP: 57/57 MP: 3/5
  3013 | D:4      | Found a glowing drain.
  3030 | Sewer    | Entered a sewer
  3100 | Sewer    | Reached *** piety under Trog
  3438 | Sewer    | Reached XP level 7. HP: 38/64 MP: 3/6
  3483 | Sewer    | Reached skill level 5 in Armour
  3619 | D:4      | Reached **** piety under Trog
  3881 | D:4      | Found Imacsint's Armour Boutique.
  3945 | D:5      | Entered Level 5 of the Dungeon
  3945 | D:5      | Noticed Eustachio
  3954 | D:5      | Killed Eustachio
  4152 | D:5      | Found a hide-covered altar of Uskayaw.
  4347 | D:5      | Found a staircase to the Ecumenical Temple.
  4369 | D:5      | Reached XP level 8. HP: 70/73 MP: 5/7
  5018 | D:6      | Noticed Duvessa
  5028 | D:6      | Killed Duvessa
  5251 | D:6      | Noticed Dowan
  5263 | D:6      | Killed Dowan
  5421 | D:6      | Reached XP level 9. HP: 83/83 MP: 8/8
  6346 | D:7      | Found a runed translucent gate.
  6347 | D:7      | Found a runed translucent gate.
  6349 | D:7      | Noticed Cheivey's ghost (novice DDFi)
  6350 | D:7      | Found a runed translucent gate.
  6351 | D:7      | Identified the +2 plate armour of Daffodils {+Blink rCorr
                  | Int-3 Dex+4}
  6903 | D:7      | Reached skill level 10 in Fighting
  6903 | D:7      | Reached skill level 10 in Axes
  7277 | D:7      | Reached skill level 1 in Shields
  7289 | D:7      | Killed Cheivey's ghost
  7530 | D:7      | Reached XP level 10. HP: 94/94 MP: 9/9
  8004 | D:8      | Identified the +1 war axe of the Endless March {protect,
                  | rF+ Will+}
  8057 | D:8      | Noticed a two-headed ogre
  8067 | D:8      | Killed a two-headed ogre
  8351 | D:8      | Found Lenaffos's Book Shoppe.
  8629 | D:9      | Found a staircase to the Orcish Mines.
  9215 | D:9      | Reached skill level 10 in Armour
  9385 | D:9      | Cast into level 2 of the Abyss (chaos spawn)
  9496 | Abyss:2  | Noticed a large abomination
  9523 | Abyss:2  | Killed a large abomination
  9554 | Abyss:2  | Noticed a wretched star
  9554 | Abyss:2  | Noticed a wretched star
  9558 | Abyss:2  | HP: 4/96 [rock wall collision (14)]
  9559 | Abyss:2  | Killed from afar by a wretched star

Illustrated notes

Levels and vault maps discovered:
D:1:      grunt_arrival_crossed_arrows, layout_basic
D:2:      layout_basic, ebering_ecumenical_altar_webs, uniq_sigmund
D:3:      layout_loops_ring, minmay_joined_circles
D:4:      layout_rooms, portal_sewer_entry_a, serial_shops,
          nicolae_shop_behind_doors, kennysheep_flooded_box,
          hangedman_abyss_or_decor_slice, serial_bayou_pond_d
D:5:      layout_loops_ring, nicolae_overflow_crystal_walls,
          minmay_temple_entry_crystal_x, uniq_eustachio
D:6:      layout_basic, hangedman_decor_peaks_small, uniq_duvessa
D:7:      layout_loops_cross, biasface_ghost_orc_armoury
D:8:      layout_basic, serial_shops, kennysheep_little_box
D:9:      layout_basic, david_orc_2
Abyss:2:  base: Temple, small_statue_intersection

Skill      XL: |  1  2  3  4  5  6  7  8  9 10 |
---------------+-------------------------------+-----
Fighting       | 4 5 6 7 9 10 11 | 11.4
Axes           | 4 5 6 7 8 10 11 | 11.6
Armour         | 3 4 5 7 8 10 | 10.6
Dodging        | 3 4 |  4.9
Shields        | 1 2 |  2.0

Action                   |  1- 3 |  4- 6 |  7- 9 | 10-12 || total
-------------------------+-------+-------+-------+-------++-------
Melee: Hand axe          |    43 |   171 |    15 |       ||   229
       Headbutt          |     7 |    25 |    52 |    25 ||   109
       War axe           |       |       |   117 |    67 ||   184
       Battleaxe         |       |       |    62 |    35 ||    97
Invok: Berserk           |     1 |     2 |     7 |     4 ||    14
       Trog's Hand       |       |       |     3 |     1 ||     4
       Brothers in Arms  |       |       |     1 |     1 ||     2
  Use: Scroll            |       |     7 |     7 |       ||    14
       Potion            |       |       |     1 |     2 ||     3
 Stab: Sleeping          |       |     1 |       |       ||     1
       Distracted        |       |       |       |     1 ||     1
Armor: Animal skin       |    11 |     9 |       |       ||    20
       Ring mail         |       |    79 |    57 |       ||   136
       Chain mail        |       |       |    21 |       ||    21
       Plate armour      |       |       |       |    54 ||    54
Dodge: Dodged            |    25 |   135 |    94 |    37 ||   291
Block: Other             |       |       |    22 |    21 ||    43
       Reflection        |       |       |       |     4 ||     4

Table legend: (Time is in decaauts)
 A = Elapsed time spent in this place.
 B = Non-inter-level travel time spent in this place.
 C = Inter-level travel time spent in this place.
 D = Time resting spent in this place.
 E = Time spent auto-exploring this place.
 F = Levels seen in this place.
 G = Mean time per level.
                   A        B        C        D        E       F      G
               +--------+--------+--------+--------+--------+-----+--------+
         Total |   9770 |   9532 |    238 |   1236 |   6919 |  11 |  888.2 |
       Dungeon |   8936 |   8698 |    238 |   1091 |   6441 |   9 |  992.9 |
         Abyss |    185 |    185 |      0 |    111 |     24 |   1 |  185.0 |
         Sewer |    648 |    648 |      0 |     33 |    453 |   1 |  648.0 |
               +--------+--------+--------+--------+--------+-----+--------+

Top non-repeatable levels by time:
     D:7: 1574 daAuts
     D:2: 1126 daAuts
     D:5: 1054 daAuts
     D:8: 1043 daAuts
     D:6: 960 daAuts
     D:1: 879 daAuts
     D:4: 774 daAuts
     D:3: 763 daAuts
     D:9: 759 daAuts
   Sewer: 648 daAuts
 Abyss:2: 185 daAuts
